 Dungeon Crawl Stone Soup version 0.31.0-9-g3a7656b989 (webtiles) character file.

Game seed: 14660409459333135462

123 qw the Skirmisher (level 4, -4/25 HPs)
             Began as a Deep Elf Hunter on Feb 2, 2024.
             Slain by a gnoll
             ... wielding a +0 halberd
              (7 damage)
             ... on level 2 of the Dungeon.
             The game lasted 00:00:07 (1575 turns).

qw the Skirmisher (Deep Elf Hunter)                 Turns: 1575, Time: 00:00:08

Health: -4/25      AC: 11    Str: 10    XL:     4   Next: 79%
Magic:  6/6        EV:  9    Int: 14    God:
Gold:   100        SH:  0    Dex: 18    Spells: 3/3 levels left

rFire   . . .        a - +0 shortbow
rCold   . . .        (shield currently unavailable)
rNeg    . . .        l - +4 scale mail
rPois   .            (no helmet)
rElec   .            (no cloak)
rCorr   +            h - +0 pair of gloves
SInv    .            (no boots)
Will    .....        k - amulet of the acrobat
Stlth   +            e - ring of resist corrosion
HPRegen 0.24/turn    (no ring)
MPRegen 0.10/turn

%: acrobat
@: no status effects
A: no striking features
a: no special abilities


You were on level 2 of the Dungeon.
You visited 1 branch of the dungeon, and saw 2 of its levels.

You collected 100 gold pieces.


   Skills:
 - Level 1.5 Fighting
 + Level 8.2 Ranged Weapons
 - Level 2.4 Dodging
 - Level 1.2 Stealth


You had 3 spell levels left.
You didn't know any spells.
Your spell library was empty.

Inventory:

Hand Weapons
 a - a +0 shortbow (weapon)
Armour
 h - a +0 pair of gloves (worn)
 l - a +4 scale mail (worn)
Jewellery
 e - a ring of resist corrosion (left hand)
 k - an amulet of the acrobat (around neck)
 o - a +5 ring of evasion
Scrolls
 b - a scroll of torment {unknown}
 d - a scroll of teleportation {unknown}
 f - 3 scrolls of identify
 i - a scroll of revelation {unknown}
 p - a scroll of enchant weapon {unknown}
Potions
 c - 2 potions of haste {unknown}
 g - a potion of ambrosia {unknown}
 j - a potion of curing {unknown}
 m - a potion of attraction {unknown}
 n - a potion of mutation {unknown}

Dungeon Overview and Level Annotations

Branches:
Dungeon (2/15)

Altars:


Message History

There is an open door here.
There is an open door here.
There is an open door, spattered with blood here.
There is a stone staircase leading down here.
A goblin comes into view. It is wielding a +0 club.
You shoot an arrow. The arrow closely misses the goblin.
You shoot an arrow. The arrow closely misses the goblin.
You shoot an arrow. The arrow closely misses the goblin.
You shoot an arrow. The arrow hits the goblin.
You kill the goblin! 3 gnolls come into view.
A gnoll is wielding a +1 flail of protection.
The gnoll shouts! x2
You shoot an arrow. The arrow hits the gnoll.
The gnoll is lightly wounded.
A hobgoblin comes into view.
A gnoll comes into view. It is wielding a +0 flail.
You shoot an arrow. The hobgoblin shouts!
The gnoll shouts!
The arrow hits the gnoll but does no damage.
The gnoll is lightly wounded.
You shoot an arrow. The arrow barely misses the gnoll.
You shoot an arrow.
The arrow hits the gnoll but does no damage.
The gnoll is lightly wounded.
The gnoll hits you from afar with a +0 halberd.
You shoot an arrow. The arrow hits the gnoll.
The gnoll is heavily wounded.
The gnoll hits you with a +0 club.
The gnoll hits you with a +1 flail of protection!
The gnoll completely misses you.
You shoot an arrow.
The arrow hits the gnoll but does no damage.
The gnoll is heavily wounded.
The gnoll barely misses you.
The gnoll hits you with a +1 flail of protection.
The gnoll hits you with a +0 flail.
The gnoll hits you with a +1 flail of protection.
The gnoll hits you from afar with a +0 halberd!
You die...

##.........#
##...#.#
.#'#.......#
#..###.#
##.##......# #.##
#.#
#...##.....#####.#
#.#
..}..'.##'###....#
#.#
#...#####.###.####
##.##
#.....#.######
.''#
#.###......gg##+##
##.## #.#
##.>..@g......
#...###.#
#....g.......
..}..+..#
#.....g......
#...##.##
#............
##.###.#
#............
.#+###.#
#............
##.....#
#............
##.#####
####......... #..#


You could see 4 gnolls and a hobgoblin.

Vanquished Creatures
  A sleepcap (D:2)
  2 adders (D:2)
  A ribbon worm (D:2)
  A dart slug (D:1)
  5 endoplasms
  8 giant cockroaches
  8 goblins
  5 hobgoblins
  6 jackals
  3 quokkas (D:2)
  4 ball pythons
  6 bats
  2 frilled lizards (D:2)
  6 kobolds
  5 rats
63 creatures vanquished.

Notes
Turn   | Place    | Note
-------+----------+-------------------------------------------
     0 | D:1      | qw the Deep Elf Hunter began the quest for the Orb.
     0 | D:1      | Reached XP level 1. HP: 12/12 MP: 3/3
     0 | D:1      | 0 ||| qw: Version: 0.3-a-155-g5e7d8dd
     0 | D:1      | 0 ||| qw: Game counter: 2469
     0 | D:1      | 0 ||| qw: Melee chars always use a shield: true
     0 | D:1      | 0 ||| qw: God list: Okawaru
     0 | D:1      | 0 ||| qw: Allow faded altars: false
     0 | D:1      | 0 ||| qw: Do Orc after clearing Dungeon:15 true
     0 | D:1      | 0 ||| qw: Do second Lair branch before Depths: true
     0 | D:1      | 0 ||| qw: Lair rune preference: random
     0 | D:1      | 0 ||| qw: Goals: Normal
     0 | D:1      | 0 ||| PLANNING D:1-11
    66 | D:1      | Reached XP level 2. HP: 16/16 MP: 4/4
    69 | D:1      | Reached skill level 6 in Ranged Weapons
   596 | D:1      | Reached XP level 3. HP: 19/20 MP: 5/5
   669 | D:1      | 669 ||| UPGRADING to +0 pair of gloves.
   674 | D:1      | 674 ||| UPGRADING to +4 scale mail.
   684 | D:1      | 684 ||| DROPPING +0 leather armour.
   685 | D:1      | 685 ||| UPGRADING to amulet of the acrobat.
   690 | D:1      | 690 ||| UPGRADING to ring of resist corrosion.
   691 | D:1      | 691 ||| READING 2 scrolls labelled KUGUFE SAERA.
   692 | D:1      | 692 ||| READING 2 scrolls labelled UWAOCK BIHUA.
   692 | D:1      | 692 ||| IDENTIFYING fuming white potion
   693 | D:1      | 693 ||| READING scroll of identify.
   693 | D:1      | 693 ||| IDENTIFYING 2 glowing golden potions
   694 | D:1      | 694 ||| READING scroll labelled IKKYXZU CESEATT.
   695 | D:1      | 695 ||| READING scroll labelled CUTHUR DOWA.
   696 | D:1      | 696 ||| DROPPING scroll of butterflies.
   697 | D:1      | 697 ||| DROPPING scroll of amnesia.
   698 | D:1      | 698 ||| DROPPING 2 potions of degeneration.
   699 | D:1      | 699 ||| DROPPING potion of lignification.
   803 | D:2      | Reached skill level 7 in Ranged Weapons
   958 | D:2      | Reached XP level 4. HP: 22/25 MP: 6/6
  1038 | D:2      | HP: 5/25 [sleepcap (14)]
  1042 | D:2      | Reached skill level 8 in Ranged Weapons
  1575 | D:2      | HP: 6/25 [gnoll/+1 flail of protection (6)]
  1575 | D:2      | Slain by a gnoll

Levels and vault maps discovered:
D:1:      nicolae_arrival_somewhat_less_tricky_arrival, layout_basic,
          minmay_tetromino_i4
D:2:      layout_basic, supply_closet_lemuel, nicolae_hexahallways,
          minmay_joined_circles

Skill      XL: |  1  2  3  4 |
---------------+-------------+-----
Ranged Weapons | 6 7 8 |  8.2
Fighting       | |  1.5
Dodging        | |  2.4
Stealth        | |  1.2

Action                     |  1- 3 |  4- 6 || total
---------------------------+-------+-------++-------
   Fire: Shortbow          |   126 |    68 ||   194
    Use: Scroll            |     5 |       ||     5
 Armour: Leather armour    |     9 |       ||     9
         Scale mail        |    46 |    36 ||    82
  Dodge: Dodged            |    48 |    25 ||    73

Table legend:
 A = Non-vault XP
 B = Vault XP
 C = Vault XP percentage of total XP
 D = Non-vault monster count
 E = Vault monster count
 F = Vault count percentage of total count
                 A         B        C        D         E       F
            +---------+---------+-------+---------+---------+-------
      Total |     106 |      70 |  39.8 |      45 |      18 |  28.6
            +---------+---------+-------+---------+---------+-------
        D:1 |      37 |       5 |  11.9 |      21 |       3 |  12.5
        D:2 |      69 |      65 |  48.5 |      24 |      15 |  38.5
            +---------+---------+-------+---------+---------+-------
